 Dungeon Crawl Stone Soup version 0.31.0-32-g396128a36d (webtiles) character file.

Game seed: 2131828899305689777

1946 Dadi the Grappler (level 8, -7/58 HPs)
             Began as a Demonspawn Berserker on Mar 27, 2024.
             Was an Elder of Trog.
             Killed from afar by an electric eel (12 damage)
             ... with a bolt of electricity
             ... on level 8 of the Dungeon.
             The game lasted 00:10:54 (6800 turns).

Dadi the Grappler (Demonspawn Berserker)            Turns: 6800, Time: 00:10:55

Health: -7/58      AC:  8    Str: 25    XL:     8   Next: 98%
Magic:  8/8        EV: 11    Int:  8    God:    Trog [****..]
Gold:   363        SH:  0    Dex: 13    Spells: 7/7 levels left

rFire   . .          .
                       - Unarmed
rCold   . . .        (no shield)
rNeg    . . .        j - +0 ring mail
rPois   .            (no helmet)
rElec   .            (no cloak)
rCorr   .            (no gloves)
SInv    .            p - +2 pair of boots
Will    .....        g - amulet of regeneration
Stlth   +            x - +6 ring of strength
HPRegen 1.09/turn    y - ring of flight
MPRegen 0.11/turn

%: no passive effects
@: flying
A: claws 2, demonic guardian 1
a: Renounce Religion, Berserk, Trog's Hand, Brothers in Arms


You were on level 8 of the Dungeon.
You worshipped Trog.
Trog was greatly pleased with you.
You visited 1 branch of the dungeon, and saw 8 of its levels.

You collected 535 gold pieces.
You spent 172 gold pieces at shops.

Inventory:

Armour
 b - a +0 animal skin
 j - a +0 ring mail (worn)
 p - a +2 pair of boots (worn)
 v - a +0 buckler
 w - a scarf of shadows
 A - +0 steam dragon scales
Jewellery
 g - an amulet of regeneration (around neck)
 h - a ring of fire
 x - a +6 ring of strength (left claw)
 y - a ring of flight (right claw)
Wands
 D - a wand of flame (29)
 G - a wand of iceblast (10)
Scrolls
 a - a scroll of vulnerability {unknown}
 c - 4 scrolls of fear {unknown}
 d - 8 scrolls of identify {unknown}
 l - a scroll of fog {unknown}
 s - a scroll of noise {unknown}
 u - a scroll of immolation {unknown}
 z - a scroll of enchant armour {unknown}
 B - a scroll of torment {unknown}
 C - a scroll of blinking {unknown}
 F - a scroll of amnesia {unknown}
Potions
 e - 4 potions of enlightenment {unknown}
 f - 2 potions of lignification {unknown}
 i - 3 potions of attraction {unknown}
 k - 2 potions of might {unknown}
 m - a potion of resistance {unknown}
 n - a potion of degeneration {unknown}
 o - 3 potions of brilliance {unknown}
 q - 2 potions of mutation {unknown}
 r - 2 potions of heal wounds {unknown}
 t - 4 potions of curing {unknown}
 E - 3 potions of ambrosia {unknown}
 H - a potion of cancellation {unknown}


   Skills:
 + Level 3.3 Fighting
 - Level 4.1 Maces & Flails
 - Level 1.7 Armour
 - Level 1.7 Dodging
 - Level 10.1 Unarmed Combat


You had 7 spell levels left.
You didn't know any spells.
Your spell library was empty.

Dungeon Overview and Level Annotations

Branches:
Dungeon (8/15)             Temple (0/1) D:7
   Lair: D:8-11

Altars:
Fedhas
Makhleb
Qazlal
Vehumet
Xom

Shops:
D:3 [   D:6 *

Annotations:
D:6 Jeremiah


Innate Abilities, Weirdness & Mutations

You have very sharp fingernails.
A weak demonic guardian rushes to your aid.


Message History

You closely miss the kobold. You claw the kobold.
You kill the kobold!
Trog accepts your kill.
You feel sick.
You scratch the kobold but do no damage.
Your claw misses the kobold.
You feel sick. The kobold hits you with a +0 whip.
You closely miss the kobold. You claw the kobold.
You kill the kobold!
Trog accepts your kill.
You feel sick.
You feel sick.
The electric eel shoots out a bolt of lightning at you!
The bolt of electricity hits you!
Items here: ( )) †.
You feel sick.
An electric eel comes into view.
You feel sick.
The electric eel moves out of view.
You feel sick.
You feel sick.
The electric eel shoots out a bolt of lightning at you!
The bolt of electricity hits the plant!
The plant begins to die.
The bolt of electricity hits you!
The electric eel shoots out a bolt of lightning at you!
The bolt of electricity hits you.
You are too injured to fight recklessly!
You feel sick.
You are no longer poisoned.
The electric eel shoots out a bolt of lightning at you!
The bolt of electricity hits the plant!
The bolt of electricity hits you!
* * * LOW HITPOINT WARNING * * *
The electric eel shoots out a bolt of lightning at you!
The bolt of electricity hits you!
* * * LOW HITPOINT WARNING * * *
A demonic guardian appears!
The electric eel shoots out a bolt of lightning at you!
The bolt of electricity hits your quasit!
The bolt of electricity misses you.
The electric eel shoots out a bolt of lightning at you!
The bolt of electricity hits you!
You die...

#♣# #♣P~# ♣~P~~
♣~~~~######
♣♣~P~~.....#
♣~P~~~...#.####
♣~~~P~...~@)<)#
P~≈~P.$..5~##)#
P≈≈~~S..~P~♣..#
~≈≈~~~..~P~♣#..#
~≈PP~....~~♣♣.....
P≈~S♣...~~~♣♣..####
~~~~P)..~P~♣♣.#.
~~~~....~~~♣♣...#
~~~~...~~~~♣♣.#.#


You could see 2 electric eels and a friendly quasit (summoned).

Vanquished Creatures
  Eustachio (D:6)
  A steam dragon (D:6)
  Menkaure (D:7)
  An orc warrior (D:7)
  2 ogres
  2 kobold brigands
  Blork the orc (D:5)
  A gnoll sergeant (D:5)
  3 scorpions
  A howler monkey (D:7)
  A crimson imp (D:3)
  3 orc priests
  4 jellies
  5 iguanas
  2 sleepcaps (D:5)
  2 orc wizards
  4 gnolls (D:5)
  8 adders
  A shadow imp (D:7)
  A white imp (D:2)
  A dart slug (D:4)
  2 ribbon worms
  19 orcs
  6 endoplasms
  6 giant cockroaches
  9 goblins
  2 hobgoblins
  9 jackals
  4 quokkas
  7 ball pythons
  5 bats
  5 frilled lizards
  17 kobolds
  7 rats
144 creatures vanquished.

Vanquished Creatures (collateral kills)
  An ogre (D:4)
  An orc wizard (D:3)
  2 orcs
4 creatures vanquished.

Grand Total: 148 creatures vanquished

Notes
Turn   | Place    | Note
-------+----------+-------------------------------------------
     0 | D:1      | Dadi the Demonspawn Berserker began the quest for the Orb.
     0 | D:1      | Reached XP level 1. HP: 18/18 MP: 1/1
   191 | D:1      | Gained mutation: You have sharp fingernails. [demonic
                  | ancestry]
   191 | D:1      | Reached XP level 2. HP: 19/24 MP: 2/2
   312 | D:1      | Reached ** piety under Trog
   618 | D:1      | Found a faded altar of an unknown god.
  1144 | D:2      | Reached XP level 3. HP: 29/29 MP: 3/3
  1690 | D:2      | Reached skill level 1 in Unarmed Combat
  1972 | D:3      | You fall into a shaft and drop 1 floor!
  1989 | D:4      | Reached XP level 4. HP: 35/35 MP: 4/4
  1994 | D:4      | Noticed an ogre
  1999 | D:5      | Entered Level 5 of the Dungeon
  2023 | D:5      | Reached skill level 2 in Unarmed Combat
  2257 | D:5      | Reached skill level 3 in Unarmed Combat
  2257 | D:5      | Gained mutation: A weak demonic guardian rushes to your
                  | aid. [demonic ancestry]
  2257 | D:5      | Reached XP level 5. HP: 41/41 MP: 5/5
  2796 | D:3      | Reached *** piety under Trog
  3035 | D:3      | Found a stormy altar of Qazlal.
  3076 | D:3      | Found Hucast's Antique Armour Shoppe.
  3081 | D:3      | Bought a pair of runed boots for 172 gold pieces
  3187 | D:3      | Found a burning altar of Makhleb.
  3188 | D:3      | Found a shimmering altar of Xom.
  3201 | D:3      | Reached skill level 4 in Unarmed Combat
  3255 | D:3      | Reached XP level 6. HP: 37/47 MP: 6/6
  3538 | D:4      | Reached skill level 5 in Unarmed Combat
  4106 | D:4      | Reached XP level 7. HP: 45/52 MP: 7/7
  4535 | D:4      | Reached skill level 6 in Unarmed Combat
  4828 | D:5      | Reached **** piety under Trog
  5176 | D:5      | Noticed Blork the orc
  5194 | D:5      | Killed Blork the orc
  5195 | D:5      | Reached skill level 7 in Unarmed Combat
  5462 | D:6      | Noticed Eustachio
  5526 | D:6      | Reached skill level 8 in Unarmed Combat
  5526 | D:6      | Gained mutation: You have very sharp fingernails. [demonic
                  | ancestry]
  5526 | D:6      | Reached XP level 8. HP: 45/58 MP: 8/8
  5649 | D:6      | Killed Eustachio
  5675 | D:6      | Found a blossoming altar of Fedhas.
  5858 | D:6      | Reached skill level 9 in Unarmed Combat
  5966 | D:6      | Found Luran's Assorted Antiques.
  6047 | D:6      | Noticed Jeremiah
  6144 | D:7      | Found a staircase to the Ecumenical Temple.
  6215 | D:7      | Noticed Menkaure
  6221 | D:7      | Killed Menkaure
  6247 | D:7      | Found a radiant altar of Vehumet.
  6378 | D:7      | Reached skill level 10 in Unarmed Combat
  6800 | D:8      | Killed from afar by an electric eel

Illustrated notes

Levels and vault maps discovered:
D:1:      roderic_chinese_lattice_arrival, layout_basic,
          hellmonk_ecumenical_altar_heavens_door
D:2:      layout_rooms, dk_vineyard_1, hex_intersection, minmay_misc_feat_doors
D:3:      layout_loops_ring, grunt_temple_overflow_champion_of_chaos,
          nicolae_qazlal_eye_of_the_storm, serial_shops, shop, st_stairs_10
D:4:      layout_cave_pods, nicolae_underground_beach
D:5:      layout_basic, uniq_blork_the_orc
D:6:      layout_basic, overflow_temple_1_default, serial_shops,
          kennysheep_mini, amethyst_killhole, uniq_grinder, uniq_eustachio,
          uniq_jeremiah
D:7:      layout_basic, mainiacjoe_overflow_brackets, minmay_temple_entry_grid,
          uniq_menkaure
D:8:      layout_loops_ring, dpeg_oklobed_lair, enter_bailey_3,
          gammafunk_ghost_wrathful_warriors, minmay_misc_feat_ornament,
          serial_bayou_ford_a, uniq_grum, uniq_prince_ribbit1

Skill      XL: |  1  2  3  4  5  6  7  8 |
---------------+-------------------------+-----
Maces & Flails | 3 4 |  4.1
Unarmed Combat | 1 3 4 5 8 10 | 10.1
Fighting       | |  3.3
Armour         | |  1.7
Dodging        | |  1.7

Action                     |  1- 3 |  4- 6 |  7- 9 || total
---------------------------+-------+-------+-------++-------
  Melee: Mace              |    92 |       |       ||    92
         Unarmed           |    49 |   161 |   177 ||   387
         Punch             |       |     6 |     6 ||    12
 Invoke: Berserk           |     1 |     2 |     5 ||     8
   Stab: Sleeping          |     1 |       |       ||     1
 Armour: Animal skin       |    26 |       |       ||    26
         Ring mail         |    67 |    88 |   133 ||   288
  Dodge: Dodged            |   103 |    88 |   104 ||   295
  Block: Buckler           |       |       |     9 ||     9
